Match 45539663
Unlisted
Match 45539663
End
Selects Airborne Battlegroup
Selects Heavy Machine Gun Paradrop
Heavy Machine Gun Paradrop
Construct Barracks
Engineer Squad
M1 Mortar Team
Heavy Machine Gun Paradrop
Selects Smoke Bombing Run
Selects Paratrooper Squad Paradrop
Heavy Machine Gun Paradrop
M1 Mortar Team
Mortar Pit
Paratrooper Squad Paradrop
Selects Anti-tank Gun Team Paradrop
Anti-tank Gun Team Paradrop
.30 cal Machine Gun
Air Support Center
Paratrooper Squad Paradrop
Heavy Machine Gun Paradrop
Grasshopper Recon Run
Grasshopper Recon Run
Double Sortie
Construct Tank Depot
Grasshopper Recon Run
P-47 Dive Bomb
Heavy Machine Gun Paradrop
M18 Hellcat Tank Destroyer
M18 Hellcat Tank Destroyer
Grasshopper Recon Run
P-47 Dive Bomb
P-47 Dive Bomb
Selects Supply Drop
Selects Dual P-47 Rocket Strike
Dual P-47 Rocket Strike
P-47 Strafing Run
Construct Weapon Support Center
Paratrooper Squad Paradrop
Grasshopper Recon Run
P-47 Dive Bomb
Paratrooper Squad Paradrop
Improved M9 Bazooka Rockets
Anti-tank Gun Team Paradrop
Heavy Machine Gun Paradrop
Grasshopper Recon Run
Heavy Machine Gun Paradrop
Paratrooper Squad Paradrop
P-47 Strafing Run
Anti-tank Gun Team Paradrop
Grasshopper Recon Run
Dual P-47 Rocket Strike
Paratrooper Squad Paradrop
Supply Drop
Heavy Machine Gun Paradrop
Grasshopper Recon Run
P-47 Strafing Run
Smoke Bombing Run
Anti-tank Gun Team Paradrop
Heavy Machine Gun Paradrop
Grasshopper Recon Run
Anti-tank Gun Team Paradrop
Dual P-47 Rocket Strike
Paratrooper Squad Paradrop
Anti-tank Gun Team Paradrop
Grasshopper Recon Run
P-47 Strafing Run
Paratrooper Squad Paradrop
Anti-tank Gun Team Paradrop
Heavy Machine Gun Paradrop
Smoke Bombing Run
Grasshopper Recon Run
Anti-tank Gun Team Paradrop
Anti-tank Gun Team Paradrop
Heavy Machine Gun Paradrop
Grasshopper Recon Run
Paratrooper Squad Paradrop
Anti-tank Gun Team Paradrop
Grasshopper Recon Run
P-47 Dive Bomb
Dual P-47 Rocket Strike
Anti-tank Gun Team Paradrop
Smoke Bombing Run
P-47 Strafing Run
Anti-tank Gun Team Paradrop
Grasshopper Recon Run
Anti-tank Gun Team Paradrop
Smoke Bombing Run
Supply Drop
Israffell
SamuelTheGun
Skywalker
DrunkPoet
Gubby
Agent Smith
CaptainProlo
Robin Da Hood
0
0
Comments sign in to comment!
No comments posted yet!